 Dungeon Crawl Stone Soup version 0.24.1-8-ga250c9d538 (webtiles) character file.

Game seed: 14317566199608402025, levelgen mode: deterministic

61 Descartes the Magician (level 3, -1/19 HPs)
             Began as a Deep Elf Air Elementalist on Apr 30, 2020.
             Slain by a jackal (2 damage)
             ... on level 2 of the Dungeon.
             The game lasted 00:04:54 (1940 turns).

Descartes the Magician (Deep Elf Air Elementalist)  Turns: 1940, Time: 00:04:54

Health: -1/19      AC:  4    Str:  5    XL:     3   Next: 83%
Magic:  9/9        EV:  9    Int: 20    God:
Gold:   149        SH:  8    Dex: 15    Spells: 7/8 levels left

rFire    . . .     SeeInvis .   j - +2 dagger (elec)
rCold    . . .     Gourm    .   n - +2 shield
rNeg     . . .     Faith    .   g - +0 leather armour
rPois    .         Spirit   .   (no helmet)
rElec    .         Reflect  .   k - +0 cloak
rCorr    .         Harm     .   (no gloves)
MR       .....                  (no boots)
Stlth    ++........             (no amulet)
HPRegen  0.06/turn              (no ring)
MPRegen  0.11/turn              (no ring)

@: no status effects
A: no striking features
a: no special abilities


You were on level 2 of the Dungeon.
You were not hungry.

You visited 1 branch of the dungeon, and saw 2 of its levels.

You collected 149 gold pieces.

Inventory:

Hand Weapons
 j - a +2 dagger of electrocution (weapon)
Missiles
 a - 5 arrows
 d - 8 boomerangs
 e - 51 stones (quivered)
 f - a throwing net
 l - 24 bolts
Armour
 g - a +0 leather armour (worn)
 k - a +0 cloak (worn)
 n - a +2 shield (worn)
Scrolls
 b - 2 scrolls of fear {unknown}
 h - 4 scrolls of identify {unknown}
 m - a scroll of amnesia {unknown}
 o - a scroll of magic mapping {unknown}
 q - 2 scrolls of remove curse {unknown}
Potions
 i - a potion of curing {unknown}
 p - a potion of brilliance {unknown}
Comestibles
 c - 2 rations


   Skills:
 + Level 0.7 Armour
 + Level 3.0 Dodging
 + Level 3.1 Stealth
 * Level 0.5 Shields
 + Level 3.4 Spellcasting
 + Level 1.9 Conjurations
 + Level 3.3 Air Magic


You had 7 spell levels left.
You knew the following spells:

 Your Spells              Type           Power        Failure   Level  Hunger
a - Shock                 Conj/Air       ##..         45%         1    None

Your spell library contained the following spells:

 Spells                   Type           Power        Failure   Level  Hunger
 Swiftness                Chrm/Air       ##......     73%         2    ##.....
 Static Discharge         Conj/Air       ##......     83%         3    ###....
 Airstrike                Air            ###.......   98%         4    ####...
 Lightning Bolt           Conj/Air       ##........   100%        5    ######.


Dungeon Overview and Level Annotations

Branches:
Dungeon (2/15)

Altars:


Message History

The jackal bites you. The bat hits you.
* * * LOW HITPOINT WARNING * * *
The jackal bites you but does no damage.
The bat hits you.
* * * LOW HITPOINT WARNING * * *
You block the jackal's attack. The bat hits you.
* * * LOW HITPOINT WARNING * * *
The jackal barely misses you.
You block the bat's attack. x2; The bat closely misses you.
The jackal closely misses you.
You hit the jackal.
The jackal is severely wounded.
You block the bat's attack. The jackal barely misses you.
The bat barely misses you.
You closely miss the bat. The bat hits you but does no damage.
The jackal bites you.
* * * LOW HITPOINT WARNING * * *
The jackal bites you.
You die...

.####......# #........#. .##
.†..#......###%......... ...
........................ .##
....###...##.#.........#.#.# #
....#..................#.#.# #
#####...........>.....#....### ##
#####...........h.........#..###.
...............#h##.##....... #..
...............#@##.....#.[# ###
...............h.b...##.#..# #.
...............#.....#.....#####.
.......................<.....##..
..............##.......##........
..>.......####)..#..#..##.....)..
..........# #.#.#....###..#.##..
..........####.#.##...###..#.##..
####...........#.........[.#.....


You could see 3 jackals and a bat.

Vanquished Creatures
  2 adders (D:2)
  An ooze (D:2)
  2 dart slugs (D:1)
  A leopard gecko (D:1)
  2 giant cockroaches (D:1)
  7 goblins
  2 hobgoblins
  A jackal (D:2)
  2 bats (D:1)
  6 frilled lizards
  8 kobolds
  3 rats
37 creatures vanquished.

Notes
Turn   | Place    | Note
-------+----------+-------------------------------------------
     0 | D:1      | Descartes the Deep Elf Air Elementalist began the quest for
                  | the Orb.
     0 | D:1      | Reached XP level 1. HP: 10/10 MP: 6/6
   306 | D:1      | Reached XP level 2. HP: 15/15 MP: 6/8
  1180 | D:1      | Reached XP level 3. HP: 19/19 MP: 7/9
  1940 | D:2      | Slain by a jackal

Levels and vault maps discovered:
D:1:      lemuel_arrival_rhombus, layout_basic
D:2:      layout_rooms

Skill      XL: |  1  2  3 |
---------------+----------+-----
Stealth        | 3 |  3.1
Dodging        | 3 |  3.0
Armour         | |  0.7
Shields        | |  0.5
Spellcasting   | |  3.4
Conjurations   | |  1.9
Air Magic      | |  3.3

Action                   || total
-------------------------++-------
Melee: Dagger            ||    37
 Cast: Shock             ||    50
  Eat: Chunk             ||     3
Armor: Robe              ||     1
       Leather armour    ||    15
Dodge: Dodged            ||    29
Block: Shield            ||    23
